 Dungeon Sprint DCSS version 0.20-a0-871-g785f14b (webtiles) character file.

7052 hittemvvvvhard the Severer (level 10, 0/80 HPs)
             Began as a Minotaur Fighter on Mar 14, 2017.
             Was a High Priest of Wu Jian.
             Killed from afar by an oklob plant (20 damage)
             ... with a splash of acid
             ... in the Dungeon (Sprint I: "Red Sonja").
             The game lasted 00:09:08 (2752 turns).

hittemvvvvhard the Severer (Minotaur Fighter)       Turns: 2752, Time: 00:09:09

Health: 0/80       AC:  5    Str: 25      XL:     10   Next: 83%
Magic:  7/7        EV: 10    Int:  3      God:    Wu Jian [*****.]
Gold:   117        SH: 20    Dex: 10 (11) Spells: 9/9 levels left

rFire    . . .     SeeInvis .   a - +0 war axe
rCold    . . .     Gourm    .   p - +0 plate armour
rNeg     . . .     Faith    .   o - +0 large shield
rPois    +         Spirit   .   (helmet unavailable)
rElec    .         Reflect  .   (no cloak)
rCorr    .         Harm     .   c - +1 pair of gloves of the Bulwark {rPois}
MR       .....     NoTele   +   (no boots)
Stlth    ..........             (no amulet)
Regen    0.3/turn               (no ring)
MPRegen  0.1/turn               j - ring of loudness (curse)

@: corroded
A: retaliatory headbutt, horns 3, agile 1, blurry vision 1, deformed body,
deterioration 1, dopey 1, frail 2, low mp 2
a: Serpent's Lash, Heaven On Earth, Renounce Religion


You were in the Dungeon.
You worshipped Wu Jian.
Wu Jian was extremely pleased with you.
You were very hungry.

You visited 1 branch You collected 955 gold pieces.
You spent 838 gold pieces at shops.

Inventory:

Hand Weapons
 a - a +0 war axe (weapon)
Armour
 c - the +1 pair of gloves of the Bulwark (worn) {rPois}
   (You bought it in a shop in the Dungeon)

   It protects you from poison.
 o - a +0 large shield (worn)
 p - a +0 plate armour (worn)
Jewellery
 j - a cursed ring of loudness (left hand)
Wands
 b - a wand of iceblast (8/15)
 l - a wand of polymorph (4/24)
Scrolls
 d - a scroll of identify
 k - 2 scrolls of blinking
 m - a scroll of enchant weapon {unknown}
Potions
 e - 2 potions of curing
 h - a potion of heal wounds
 i - 2 potions of magic
Comestibles
 f - a bread ration
 g - a fruit


   Skills:
 + Level 13.4 Fighting
 - Level 16.1 Axes
 + Level 13.0 Armour
 + Level 11.5 Dodging
 * Level 14.4 Shields


You had 9 spell levels left.
You didn't know any spells.

Dungeon Overview and Level Annotations

Branches:
Dungeon (1/1)

Altars:
Cheibriados
Dithmenos
Elyvilon
Fedhas
Gozag
Hepliaklqana
Kikubaaqudgha
Makhleb
Nemelex Xobeh
Okawaru
Qazlal
Ru
Sif Muna
Trog
Uskayaw
Vehumet
Wu Jian
Xom
Yredelemnul
Zin
The Shining One
Jiyva
Lugonu

Shops:
D [[::?*[

Annotations:
D exclusion: oklob plant


Innate Abilities, Weirdness & Mutations

You reflexively headbutt those who attack you in melee.
You have a pair of large horns on your head.
You are agile. (Dex +2)
Scrolls take you a little longer to read.
Armour fits poorly on your strangely shaped body.
Your body sometimes deteriorates upon taking damage.
You are dopey. (Int -2)
You are very frail. (-20% HP)
Your magical capacity is very low. (-20% MP)


Message History

You hit the oklob plant but do no damage.
You headbutt the oklob plant, but do no damage.
The oklob plant is moderately damaged.
You hit the oklob plant but do no damage.
You headbutt the oklob plant.
The oklob plant is heavily damaged.
You slash the oklob plant!
You headbutt the oklob plant, but do no damage.
The oklob plant is severely damaged.
You hit the oklob plant but do no damage.
The oklob plant is severely damaged.
The oklob plant spits acid at you. The splash of acid hits you!
You are splashed with acid!
The acid burns!
* * * LOW HITPOINT WARNING * * *
You hit the oklob plant but do no damage.
You headbutt the oklob plant!
The oklob plant is almost destroyed.
The oklob plant spits acid at you. The splash of acid hits you!
You die...

###################
).#..'..#__#s.')..#
..').#..+s.ss.#...##+#
#'#####'#__####...'..#
..#...#.####§§#####..+
###..##.#§≈§.§#§.# ##
__##'#_.+≈≈≈§§§§.#
...'.(._#§≈≈.§#..#
__##_(#'##§#####@#
__###'#.#.)§.###P+
#####(####'###.###
...'...'...§.'[∩#
####...##########
.####.### ..#.#'#.#
..#.....# ..#.[.).#


You could see an oklob plant.

Vanquished Creatures
  2 centaur warriors (D)
  A deep troll (D)
  8 shining eyes (D)
  2 kobold demonologists (D)
  A hornet (D)
  A slime creature (D)
  A yak (D)
  Sigmund (D)
  5 floating eyes (D)
  An ogre (D)
  A jelly (D)
  Ijyb (D)
  2 ballistomycetes (D)
27 creatures vanquished.

Vanquished Creatures (others)
  Sonja (D)
  2 ballistomycete spores (D)
3 creatures vanquished.

Grand Total: 30 creatures vanquished

Notes
Turn   | Place    | Note
-------+----------+-------------------------------------------
     0 | D        | hittemvvvvhard the Minotaur Fighter began the quest for the Orb.
     0 | D        | Reached XP level 1. HP: 19/19 MP: 0/0
     1 | D        | Noticed Ijyb
    15 | D        | Killed Ijyb
    15 | D        | Reached skill level 5 in Fighting
    15 | D        | Reached skill level 5 in Axes
    15 | D        | Reached XP level 2. HP: 29/29 MP: 1/1
    43 | D        | Noticed an ogre
    48 | D        | Killed an ogre
    48 | D        | Reached skill level 7 in Axes
    48 | D        | Reached skill level 5 in Shields
    48 | D        | Reached XP level 3. HP: 11/37 MP: 2/2
    48 | D        | Reached XP level 4. HP: 13/44 MP: 3/3
   271 | D        | Noticed Sigmund
   280 | D        | Killed Sigmund
   280 | D        | Reached skill level 9 in Axes
   280 | D        | Reached XP level 5. HP: 23/52 MP: 4/4
   465 | D        | Found a deep blue altar of Sif Muna.
   466 | D        | Found an ornate altar of the Wu Jian Council.
   467 | D        | Found a radiant altar of Vehumet.
   470 | D        | Reached XP level 6. HP: 51/60 MP: 5/5
   519 | D        | Became a worshipper of the Wu Jian Council
   536 | D        | Found Ucsauzyn's Book Emporium.
   536 | D        | Found an ancient bone altar of Kikubaaqudgha.
   536 | D        | Found a hazy altar of Hepliaklqana.
   536 | D        | Found a hide-covered altar of Uskayaw.
   536 | D        | Found a basalt altar of Yredelemnul.
   536 | D        | Found an opulent altar of Gozag.
   536 | D        | Found a snail-covered altar of Cheibriados.
   536 | D        | Found a sacrificial altar of Ru.
   536 | D        | Found a shadowy altar of Dithmenos.
   536 | D        | Noticed a yak
   548 | D        | Killed a yak
   548 | D        | Reached skill level 10 in Axes
   548 | D        | Reached skill level 5 in Dodging
   583 | D        | Found a stormy altar of Qazlal.
   583 | D        | Found a blossoming altar of Fedhas.
   583 | D        | Found a bloodstained altar of Trog.
   583 | D        | Found an iron altar of Okawaru.
   583 | D        | Found a glowing golden altar of the Shining One.
   583 | D        | Found a glowing silver altar of Zin.
   583 | D        | Found a white marble altar of Elyvilon.
   584 | D        | Found a sparkling altar of Nemelex Xobeh.
   594 | D        | Noticed Sonja
   620 | D        | Killed Sonja
   620 | D        | Reached skill level 12 in Axes
   620 | D        | Reached XP level 7. HP: 33/70 MP: 6/6
   837 | D        | Noticed a centaur warrior
   837 | D        | Noticed a centaur warrior
   844 | D        | Found a viscous altar of Jiyva.
   844 | D        | Found a corrupted altar of Lugonu.
   844 | D        | Noticed a slime creature
   852 | D        | Killed a slime creature
   852 | D        | Reached XP level 8. HP: 35/78 MP: 7/7
  1038 | D        | Found a burning altar of Makhleb.
  1038 | D        | Found a shimmering altar of Xom.
  1052 | D        | Noticed a kobold demonologist
  1053 | D        | Noticed a kobold demonologist
  1055 | D        | Reached * piety under Wu Jian
  1056 | D        | Noticed an ice devil
  1070 | D        | Killed a kobold demonologist
  1070 | D        | Reached skill level 10 in Fighting
  1070 | D        | Reached skill level 13 in Axes
  1070 | D        | Reached skill level 10 in Shields
  1075 | D        | Killed a kobold demonologist
  1347 | D        | Noticed a demonic crawler
  1347 | D        | Noticed a demonic crawler
  1347 | D        | Noticed a demonic crawler
  1347 | D        | Noticed a demonic crawler
  1882 | D        | Noticed a deep troll
  1894 | D        | HP: 4/80 [deep troll (13)]
  1898 | D        | Killed a deep troll
  1898 | D        | Reached skill level 14 in Axes
  1898 | D        | Reached skill level 10 in Armour
  1898 | D        | Reached XP level 9. HP: 5/86 MP: 8/8
  2374 | D        | Found Dawioz's Armour Emporium.
  2380 | D        | Bought a +0 large shield for 63 gold pieces
  2380 | D        | Bought a +0 plate armour for 322 gold pieces
  2415 | D        | Found Essuuve's Antique Armour Boutique.
  2429 | D        | Noticed a shining eye
  2429 | D        | Noticed a shining eye
  2429 | D        | Noticed a shining eye
  2429 | D        | Gained mutation: Your body sometimes deteriorates upon taking damage. [a shining eye]
  2432 | D        | Paralysed by a floating eye for 2 turns
  2435 | D        | Reached ** piety under Wu Jian
  2435 | D        | Paralysed by a floating eye for 2 turns
  2442 | D        | Gained mutation: You have a pair of large horns on your head. [a shining eye]
  2447 | D        | Killed a shining eye
  2447 | D        | Reached skill level 15 in Axes
  2448 | D        | Gained mutation: You are dopey. (Int -2) [a shining eye]
  2449 | D        | Noticed a shining eye
  2453 | D        | Gained mutation: You are very dopey. (Int -4) [a shining eye]
  2453 | D        | Gained mutation: Armour fits poorly on your strangely shaped body. [a shining eye]
  2457 | D        | Killed a shining eye
  2457 | D        | Reached *** piety under Wu Jian
  2459 | D        | Killed a shining eye
  2462 | D        | Gained mutation: Your magical capacity is low. (-10% MP) [a shining eye]
  2468 | D        | Killed a shining eye
  2468 | D        | Reached skill level 10 in Dodging
  2468 | D        | Reached XP level 10. HP: 97/97 MP: 8/8
  2469 | D        | Noticed a shining eye
  2469 | D        | Noticed a shining eye
  2470 | D        | Noticed a shining eye
  2470 | D        | Noticed a shining eye
  2477 | D        | Gained mutation: You are frail. (-10% HP) [a shining eye]
  2480 | D        | Paralysed by a floating eye for 2 turns
  2483 | D        | Killed a shining eye
  2483 | D        | Reached **** piety under Wu Jian
  2483 | D        | Reached skill level 16 in Axes
  2488 | D        | Gained mutation: You are clumsy. (Dex -2) [a shining eye]
  2490 | D        | Gained mutation: Scrolls take you a little longer to read. [a shining eye]
  2493 | D        | Killed a shining eye
  2499 | D        | Gained mutation: You are very frail. (-20% HP) [a shining eye]
  2501 | D        | Killed a shining eye
  2503 | D        | Gained mutation: Your magical capacity is very low. (-20% MP) [a shining eye]
  2506 | D        | Killed a shining eye
  2519 | D        | Found Savyar's Antique Armour Shoppe.
  2519 | D        | Found Yxocsotu's Magic Scroll Shop.
  2519 | D        | Found Vuesh's Book Emporium.
  2519 | D        | Found Wopum's Assorted Antiques.
  2524 | D        | Bought a pair of jewelled gloves for 237 gold pieces
  2536 | D        | Identified the +1 pair of gloves of the Bulwark {rPois} (You bought it in a shop in the Dungeon)
  2544 | D        | Bought a potion of heal wounds for 90 gold pieces
  2549 | D        | Bought a scroll of blinking for 82 gold pieces
  2549 | D        | Bought a scroll of identify for 22 gold pieces
  2549 | D        | Bought a scroll of identify for 22 gold pieces
  2554 | D        | Lost mutation: You are clumsy. (Dex -2) [potion of mutation]
  2554 | D        | Lost mutation: You are very dopey. (Int -4) [potion of mutation]
  2554 | D        | Gained mutation: You do not regenerate when monsters are visible. [potion of mutation]
  2554 | D        | Lost mutation: You do not regenerate when monsters are visible. [potion of mutation]
  2554 | D        | Gained mutation: You are agile. (Dex +2) [potion of mutation]
  2590 | D        | Killed a centaur warrior
  2590 | D        | Reached ***** piety under Wu Jian
  2599 | D        | Killed a centaur warrior
  2743 | D        | Noticed an oklob plant
  2752 | D        | Killed from afar by an oklob plant

Vault maps used:
D:        dungeon_sprint_1

Skill      XL: |  1  2  3  4  5  6  7  8  9 10 |
---------------+-------------------------------+-----
Fighting       | 5 6 7 9 10 12 13 | 13.4
Axes           | 5 7 9 12 14 15 16 | 16.1
Shields        | 4 5 7 9 10 12 14 | 14.4
Armour         | 4 6 8 10 11 13 | 13.0
Dodging        | 2 4 6 7 8 10 11 | 11.5

Action                   |  1- 3 |  4- 6 |  7- 9 | 10-12 || total
-------------------------+-------+-------+-------+-------++-------
Melee: Unarmed           |     7 |       |       |       ||     7
       War axe           |    11 |    26 |    76 |    56 ||   169
       Headbutt          |     1 |     5 |    16 |    17 ||    39
  Use: Potion            |       |     1 |     4 |     1 ||     6
       Scroll            |       |       |       |     2 ||     2
  Eat: Bread ration      |       |       |     1 |       ||     1
Armor: Scale mail        |     3 |    11 |    17 |       ||    31
       Skin              |     1 |       |       |       ||     1
       Chain mail        |       |       |     5 |       ||     5
       Plate armour      |       |       |       |     2 ||     2
Dodge: Dodged            |     5 |     8 |    29 |     3 ||    45
Block: Shield            |     3 |    10 |    26 |       ||    39
       Large shield      |       |       |       |    17 ||    17
